 Dungeon Crawl Stone Soup version 0.20.1-1-g8b1a95d (webtiles) character file.

184 Folque the Magician (level 5, -1/35 HPs)
             Began as an Octopode Wizard on Nov 20, 2017.
             Slain by a hobgoblin (3 damage)
             ... on level 3 of the Dungeon.
             The game lasted 00:13:40 (3441 turns).

Folque the Magician (Octopode Wizard)               Turns: 3441, Time: 00:13:41

Health: -1/35      AC:  1    Str:  6    XL:     5   Next: 64%
Magic:  6/10       EV: 19    Int: 21    God:
Gold:   135        SH:  0    Dex: 16    Spells: 3/11 levels left

rFire    . . .     SeeInvis .   h - +0 halberd
rCold    . . .     Gourm    .   (shield currently unavailable)
rNeg     . . .     Faith    .   a - +0 hat
rPois    .         Spirit   .   (no amulet)
rElec    .         Reflect  .   (no ring)
rCorr    .         Harm     .   (no ring)
MR       .....                  (no ring)
Stlth    ++++......             (no ring)
Regen    0.2/turn               (no ring)
MPRegen  0.2/turn               (no ring)
                                (no ring)
                                (no ring)

@: agile
A: almost no armour, stealthy swim, amphibious, 8 rings, constrict 8, camouflage
1, gelatinous body 1
a: no special abilities


You were on level 3 of the Dungeon.
You were not hungry.

You visited 1 branch of the dungeon, and saw 3 of its levels.

You collected 135 gold pieces.

Inventory:

Hand Weapons
 e - a +0 spear
 h - a +0 halberd (weapon)
Missiles
 l - 17 poisoned needles
 p - 2 javelins of returning (quivered)
Armour
 a - a +0 hat (worn)
Jewellery
 d - an uncursed amulet of regeneration {unknown}
 B - an uncursed amulet of faith {unknown}
Wands
 m - a wand of iceblast (5/15)
Scrolls
 g - a scroll of fog {unknown}
 i - a scroll of remove curse {unknown}
 n - a scroll of fear {unknown}
 s - 2 scrolls of blinking {unknown}
 t - 4 scrolls of immolation {unknown}
 v - a scroll of recharging {unknown}
 w - a scroll of enchant armour {unknown}
 x - a scroll of noise {unknown}
Potions
 f - a potion of agility
 j - a potion of heal wounds {unknown}
 k - a potion of ambrosia {unknown}
 o - a potion of lignification {unknown}
 q - a potion of degeneration {unknown}
 u - a potion of flight {unknown}
 A - a potion of brilliance {unknown}
Books
 b - a book of Minor Magic

   Spells                             Type                      Level
   a - Magic Dart                     Conjuration                  1
   b - Blink                          Translocation                2
   c - Call Imp                       Summoning                    2
   d - Slow                           Hexes                        2
   e - Conjure Flame                  Conjuration/Fire             3
   f - Mephitic Cloud                 Conjuration/Poison/Air       3
 y - a book of Misfortune

   Spells                             Type                      Level
   a - Confusing Touch                Hexes                        1
   b - Confuse                        Hexes                        3
   c - Gell's Gravitas                Translocation                3
   d - Petrify                        Transmutation/Earth          4
   e - Metabolic Englaciation         Hexes/Ice                    5
   f - Yara's Violent Unravelling     Hexes/Transmutation          5
Comestibles
 c - 2 bread rations
 r - a royal jelly
 z - a meat ration


   Skills:
 - Level 2.3 Fighting
 - Level 2.0 Dodging
 - Level 2.6 Stealth
 + Level 3.9 Spellcasting
 * Level 2.4 Conjurations
 - Level 1.0 Summonings
 - Level 1.0 Translocations
 - Level 3.0 Poison Magic


You had 3 spell levels left.
You knew the following spells:

 Your Spells              Type           Power        Failure   Level  Hunger
a - Magic Dart            Conj           ##..         4%          1    None
b - Call Imp              Summ           #.......     12%         2    #......
c - Blink                 Tloc           N/A          12%         2    #......
d - Mephitic Cloud        Conj/Pois/Air  ##......     17%         3    ###....


Dungeon Overview and Level Annotations

Branches:
Dungeon (3/15)

Altars:
Ashenzari
Kikubaaqudgha
Nemelex Xobeh


Innate Abilities, Weirdness & Mutations

You cannot wear most types of armour.
You are very stealthy in the water. (Stealth+)
You are amphibious.
You can wear up to eight rings at the same time.
You can use your tentacles to constrict eight enemies at once.
Your skin changes colour to match your surroundings (Stealth+).
Your rubbery body absorbs attacks. (AC +1, EV +1)


Message History

The gnoll dies!
You start resting.
Your crimson imp disappears in a puff of smoke! x2
Your magical contamination has completely faded away.
You start resting.
A hobgoblin is nearby!
Attack whom?
Press: ? - help, Dir - move target cursor, f - hobgoblin
Aim: a hobgoblin You reach to attack!
You barely miss the hobgoblin.
The hobgoblin throws a stone.
The stone closely misses you.
Attack whom?
Press: ? - help, Dir - move target cursor, f/p - hobgoblin
Aim: a hobgoblin You reach to attack!
You closely miss the hobgoblin. The hobgoblin misses you.
You barely miss the hobgoblin. Your grab misses the hobgoblin.
The hobgoblin hits you.
* * * LOW HITPOINT WARNING * * *
The hobgoblin hits you.
You die...

#...#
#......###.#.##...#
#...#
#........#.......##
#...#
#................####
#...#
#########..............
#...#
#.....###..#.......###.
#####
##..........#.......# #.
#.....†.###.#.......# #.
#.....#g# #.###+###.# #.
#....(#@# ##.# ##+###'
#...(.### #### #......
#..(..###≈.≈. #. #......
#...†..#.≈.≈###.##......
##.....##≈.≈.#..........
#...5.#.≈.≈##..........
#...g.##≈.≈.#...#......
#(..gg# ≈(≈###..#......
#.....###(###...#......


You could see a hobgoblin.

Vanquished Creatures
  An orc priest (D:3)
  4 adders
  An ooze (D:1)
  2 worms
  A leopard gecko (D:2)
  3 orcs (D:3)
  4 bats
  2 giant cockroaches (D:1)
  7 goblins
  9 hobgoblins
  2 jackals (D:2)
  3 quokkas
  A ball python (D:2)
  2 frilled lizards (D:2)
  6 kobolds
  8 rats
56 creatures vanquished.

Vanquished Creatures (collateral kills)
  A bullfrog (D:3)
  A gnoll (D:3)
  3 adders
  An ooze (D:2)
  3 orcs (D:3)
  2 bats
  2 giant cockroaches (D:2)
  2 goblins
  2 hobgoblins
  4 jackals (D:3)
21 creatures vanquished.

Vanquished Creatures (others)
  A human (D:3)
1 creature vanquished.

Grand Total: 78 creatures vanquished

Notes
Turn   | Place    | Note
-------+----------+-------------------------------------------
     0 | D:1      | Folque the Octopode Wizard began the quest for the Orb.
     0 | D:1      | Reached XP level 1. HP: 11/11 MP: 4/4
   121 | D:1      | Reached skill level 1 in Fighting
   229 | D:1      | Reached XP level 2. HP: 6/18 MP: 6/6
   865 | D:1      | Learned a level 2 spell: Call Imp
   868 | D:1      | Learned a level 2 spell: Blink
  1014 | D:1      | Found a sparkling altar of Nemelex Xobeh.
  1109 | D:2      | Reached XP level 3. HP: 24/24 MP: 0/7
  1194 | D:2      | Learned a level 3 spell: Mephitic Cloud
  1544 | D:2      | Found a shattered altar of Ashenzari.
  1793 | D:2      | Reached skill level 1 in Poison Magic
  1793 | D:2      | Reached XP level 4. HP: 8/30 MP: 3/9
  2566 | D:3      | Noticed a bullfrog
  2595 | D:3      | Killed a bullfrog
  2595 | D:3      | Reached XP level 5. HP: 35/35 MP: 2/10
  3299 | D:3      | Found an ancient bone altar of Kikubaaqudgha.
  3309 | D:3      | Noticed a human
  3310 | D:3      | Killed a human
  3402 | D:3      | HP: 1/35 [gnoll/stone (4)]
  3441 | D:3      | Slain by a hobgoblin

Skill      XL: |  1  2  3  4  5 |
---------------+----------------+-----
Fighting       | 1 2 |  2.3
Poison Magic   | 1 2 3 |  3.0
Conjurations   | 2 |  2.4
Dodging        | |  2.0
Stealth        | |  2.6
Spellcasting   | |  3.9
Summonings     | |  1.0
Translocations | |  1.0

Action                   |  1- 3 |  4- 6 || total
-------------------------+-------+-------++-------
Melee: Spear             |   100 |     1 ||   101
       Constrict         |    25 |    12 ||    37
       Unarmed           |     2 |       ||     2
       Tentacles         |     6 |     5 ||    11
       Halberd           |       |    76 ||    76
Throw: Javelin           |     1 |     2 ||     3
 Cast: Magic Dart        |     5 |     4 ||     9
       Call Imp          |    12 |    16 ||    28
       Blink             |       |     4 ||     4
Evoke: Wand              |       |     1 ||     1
  Use: Potion            |       |     1 ||     1
 Stab: Sleeping          |     8 |     1 ||     9
  Eat: Chunk             |     3 |     6 ||     9
Armor: Skin              |     2 |     4 ||     6
Dodge: Dodged            |    50 |    49 ||    99
